 Dungeon Crawl Stone Soup version 0.21.1-1-g345015f (webtiles) character file.

246 Mgcat the Skirmisher (level 6, 0/51 HPs)
             Began as a Formicid Chaos Knight on Mar 7, 2018.
             Slain by a bullfrog (4 damage)
             ... on level 3 of the Dungeon.
             The game lasted 00:08:30 (2937 turns).

Mgcat the Skirmisher (Formicid Chaos Knight)        Turns: 2937, Time: 00:08:31

Health: 0/51       AC:  5    Str: 17    XL:     6   Next: 33%
Magic:  6/6        EV: 16    Int: 12    God:    Xom [.*....]
Gold:   138        SH:  0    Dex: 16    Spells: 5/5 levels left

rFire    + . .     SeeInvis +   a - +1 hand axe
rCold    . . .     Gourm    .   (no shield)
rNeg     . . .     Faith    .   n - +2 leather armour
rPois    .         Spirit   .   (helmet unavailable)
rElec    .         Reflect  .   (no cloak)
rCorr    .         Harm     .   (no gloves)
MR       .....                  (no boots)
Stlth    ++........             (no amulet)
HPRegen  0.17/turn              l - ring of protection from fire {rF+, !d}
MPRegen  0.10/turn              (no ring)

@: agile
A: permanent stasis, dig shafts and tunnels, four strong arms, antennae 3, claws
1, hooves 1, screaming 1
a: Dig, Shaft Self, Renounce Religion


You were on level 3 of the Dungeon.
You worshipped Xom.
You were a plaything of Xom.
You were hungry.

You visited 1 branch of the dungeon, and saw 3 of its levels.

You collected 138 gold pieces.

Inventory:

Hand Weapons
 a - a +1 hand axe (weapon)
   (You took it off an orc on level 3 of the Dungeon)
 b - a +2 fustibalus of velocity
   (You found it on level 3 of the Dungeon)
 o - a +1 hand axe of chaos
Missiles
 g - 67 sling bullets
Armour
 f - a +0 scale mail
   (You found it on level 2 of the Dungeon)
 n - a +2 leather armour (worn)
 q - a +0 ring mail
   (You took it off an orc on level 3 of the Dungeon)
Jewellery
 l - a ring of protection from fire (left claw) {rF+, !d}
   (You found it on level 2 of the Dungeon)
Potions
 d - a potion of ambrosia {unknown}
 e - a potion of agility
 h - a potion of brilliance {unknown}
 j - a potion of degeneration {unknown}
 k - a potion of mutation {!q}
 p - 5 potions of flight
Comestibles
 c - 5 rations


   Skills:
 + Level 5.6 Fighting
 + Level 5.1 Axes
 - Level 2.1 Armour
 - Level 0.8 Dodging


You had 5 spell levels left.
You didn't know any spells.

Dungeon Overview and Level Annotations

Branches:
Dungeon (3/15)

Altars:
Kikubaaqudgha

Annotations:
D:3 Mirai's ghost, amateur DsFi


Innate Abilities, Weirdness & Mutations

You cannot be hasted, slowed, berserked, paralysed or teleported.
You can dig through walls and to a lower floor.
Your four strong arms can wield two-handed weapons with a shield.
You have a pair of large antennae on your head. (SInv)
You have sharp fingernails.
You have large cloven feet.
You occasionally shout uncontrollably at your foes.


Message History

Unknown command.
Unknown command.
Unknown command.
Okay, then.
Okay, then.
As you read the scroll of enchant weapon, it crumbles to dust.
Your +0 hand axe glows red for a moment.
The orc hits you but does no damage.
As you read the scroll labeled NITUKY ZADDY, it crumbles to dust.
Your stasis prevents you from teleporting.
It was a scroll of blinking.
The orc closely misses you. Mirai's ghost barely misses you.
There is an open door here.
You hit Mirai's ghost.
Mirai's ghost is lightly damaged.
Mirai's ghost hits you. Mirai's ghost freezes you.
You barely miss Mirai's ghost.
Mirai's ghost is lightly damaged.
Mirai's ghost hits you. Mirai's ghost freezes you.
You barely miss Mirai's ghost.
Mirai's ghost is lightly damaged.
Mirai's ghost closely misses you.
You hit Mirai's ghost but do no damage.
Mirai's ghost is lightly damaged.
Mirai's ghost barely misses you.
You hit Mirai's ghost but do no damage.
Mirai's ghost is lightly damaged.
Mirai's ghost hits you. Mirai's ghost freezes you.
You barely miss Mirai's ghost.
Mirai's ghost is lightly damaged.
Mirai's ghost closely misses you.
You hit Mirai's ghost but do no damage.
Mirai's ghost is lightly damaged.
Mirai's ghost hits you but does no damage.
You hit Mirai's ghost but do no damage.
Mirai's ghost is lightly damaged.
Mirai's ghost hits you. Mirai's ghost freezes you.
The orc jeers loudly, as Orcs often do.
You hit Mirai's ghost.
Mirai's ghost is lightly damaged.
Mirai's ghost hits you!
Mirai's ghost freezes you. "Heh heh heh..."
You are confused.
The orc looks rather confused.
The goblin looks rather confused.
Mirai's ghost looks rather confused.
The orc seems less confused.
Xom's power almost touches on you for a moment.
Your +2 fustibalus of velocity falls out of your pack, then immediately jumps back in!
The orc hits you.
Mirai's ghost misses the orc.
A bullfrog comes into view.
You closely miss Mirai's ghost.
Mirai's ghost is lightly damaged.
You barely miss the orc.
The bullfrog croaks.
The orc hits you.
Mirai's ghost hits the orc!
Mirai's ghost freezes the orc.
The orc is killed!
The goblin hits the bullfrog with a club.
Things that are here:
a ring mail; an orc corpse "This might be better!"
Your stasis prevents you from teleporting.
Mirai's ghost closely misses you.
You hit Mirai's ghost.
Mirai's ghost is lightly damaged.
The goblin misses the bullfrog.
It was a potion of agility.
You feel agile all of a sudden.
Xom thinks this is hilarious!
You feel less confused.
Mirai's ghost hits the bullfrog.
The bullfrog seems to slow down.
Mirai's ghost freezes the bullfrog.
The goblin ponders the situation.
The bullfrog is no longer moving slowly.
The bullfrog barely misses you.
You are feeling hungry.
The bullfrog misses you. The bullfrog hits you. The bullfrog hits you.
* * * LOW HITPOINT WARNING * * *
The bullfrog closely misses you.
Xom titters.
The bullfrog looks rather confused.
The bullfrog seems less confused.
The bullfrog barely misses you. The bullfrog completely misses you.
The bullfrog hits you!
* * * LOW HITPOINT WARNING * * *
You closely miss the bullfrog.
The bullfrog is lightly wounded.
The bullfrog barely misses you.
You hit the bullfrog.
The bullfrog is lightly wounded.
The bullfrog hits you.
* * * LOW HITPOINT WARNING * * *
The bullfrog misses you.
It was a potion of mutation.
You feel extremely strange.
You feel healthier.
You feel the urge to shout.
You feel agile.
You feel clumsy.
Your feet thicken and deform.
The bullfrog hits you.
You die...
Xom guffaws!

#.#####.# #..'.'..#.#).....## #.#
#.# #⌠.#.#..#.#........ #.#####.#
####.####.#......## #...F...#
....(..........#
###########.##############.....#
#........##.............##.....##
#........##.###########.##.......
#........##.###########.#..#..>≈≈
.........'.....F@..............≈#
#........##.#.##.#.............≈≈
#........##.#.##.#.####...####.≈≈
...............................≈≈
#........##.#.##.#...........#.≈≈
#.......)##.#.##.#.......###.#.≈≈
#........).....#.#.#####.# #.#.≈#
######.#.##.####.#.# #.# #.#.≈≈
#.#.##.####.#.# #.# #.#...


You could see a bullfrog.

Vanquished Creatures
  2 vampire bats (D:3)
  An orc priest (D:3)
  4 gnolls (D:3)
  3 oozes (D:3)
  2 worms
  3 dart slugs
  A leopard gecko (D:1)
  10 orcs (D:3)
  A ball python (D:1)
  2 bat skeletons (D:3)
  4 bat zombies (D:3)
  4 giant cockroaches (D:3)
  4 hobgoblins (D:1)
  5 jackals
  6 kobolds
  A quokka (D:2)
  3 bats
  4 frilled lizards (D:1)
  5 goblins
  2 rats (D:1)
67 creatures vanquished.

Notes
Turn   | Place    | Note
-------+----------+-------------------------------------------
     0 | D:1      | Mgcat the Formicid Chaos Knight began the quest for the Orb.
     0 | D:1      | Reached XP level 1. HP: 18/18 MP: 1/1
    35 | D:1      | Reached XP level 2. HP: 16/24 MP: 2/2
   309 | D:1      | Reached XP level 3. HP: 30/30 MP: 3/3
   333 | D:1      | XOM: divination: detect items
   344 | D:1      | Reached skill level 4 in Fighting
   394 | D:1      | XOM: harmless Conj miscast
   648 | D:2      | Found a faded altar of an unknown god.
   658 | D:2      | XOM: harmless Pois miscast
   921 | D:2      | XOM: harmless Summ miscast
  1013 | D:2      | XOM: silly message
  1466 | D:2      | XOM: silly message
  1504 | D:2      | XOM: cloud trail
  1560 | D:3      | Reached XP level 4. HP: 37/37 MP: 4/4
  1660 | D:3      | Reached skill level 4 in Axes
  1662 | D:3      | XOM: confuse monster(s)
  1686 | D:3      | XOM: mild Hex miscast
  1898 | D:3      | Reached XP level 5. HP: 43/43 MP: 5/5
  1973 | D:3      | Reached skill level 5 in Fighting
  2679 | D:3      | XOM: harmless Hex miscast
  2680 | D:3      | Found an ancient bone altar of Kikubaaqudgha.
  2696 | D:3      | XOM: confuse monster(s)
  2702 | D:3      | XOM: noise
  2709 | D:3      | Reached XP level 6. HP: 32/51 MP: 6/6
  2715 | D:3      | XOM: enchant monster (bad)
  2721 | D:3      | Reached skill level 5 in Axes
  2796 | D:3      | XOM: give mutations
  2796 | D:3      | Gained mutation: You are frail. (-10% HP) [Xom's mischief]
  2796 | D:3      | Gained mutation: Your body sometimes deteriorates upon taking damage. [Xom's mischief]
  2796 | D:3      | Gained mutation: You have sharp fingernails. [Xom's mischief]
  2796 | D:3      | Lost mutation: You are frail. (-10% HP) [Xom's mischief]
  2866 | D:3      | Noticed Mirai's ghost (amateur DsFi)
  2894 | D:3      | XOM: confusion (+ monsters)
  2895 | D:3      | XOM: silly message
  2898 | D:3      | XOM: swap monsters
  2924 | D:3      | XOM: confuse monster(s)
  2934 | D:3      | HP: 9/51 [bullfrog (8)]
  2936 | D:3      | HP: 4/51 [bullfrog (6)]
  2937 | D:3      | Lost mutation: Your body sometimes deteriorates upon taking damage. [potion of mutation]
  2937 | D:3      | Gained mutation: You occasionally shout uncontrollably at your foes. [potion of mutation]
  2937 | D:3      | Gained mutation: You are agile. (Dex +2) [potion of mutation]
  2937 | D:3      | Lost mutation: You are agile. (Dex +2) [potion of mutation]
  2937 | D:3      | Gained mutation: You have large cloven feet. [potion of mutation]
  2937 | D:3      | Slain by a bullfrog

Skill      XL: |  1  2  3  4  5  6 |
---------------+-------------------+-----
Fighting       | 4 5 |  5.6
Axes           | 4 5 |  5.1
Armour         | |  2.1
Dodging        | |  0.8

Action                   |  1- 3 |  4- 6 || total
-------------------------+-------+-------++-------
Melee: Hand axe          |    77 |   119 ||   196
 Fire: Fustibalus        |       |    21 ||    21
  Use: Scroll            |     7 |     2 ||     9
       Potion            |       |     2 ||     2
 Stab: Sleeping          |     1 |       ||     1
       Confused          |       |     1 ||     1
  Eat: Chunk             |     2 |     4 ||     6
Armor: Leather armour    |    36 |    83 ||   119
Dodge: Dodged            |    57 |   117 ||   174

Vault maps used:
D:1:      mushboom_english_gardens
D:2:      first_ration, chequers_ecumenical_altar_simple_redux,
          kennysheep_generic_room_12
D:3:      minmay_door_path, kennysheep_vampire_church, kennysheep_path_1,
          serial_bayou_ford_a, minmay_crystal_water

Table legend:
 A = Turns spent in this place as a percentage of turns spent in the entire game.
 B = Non-inter-level travel turns spent in this place as a percentage of non-inter-level travel turns spent in the entire game.
 C = Inter-level travel turns spent in this place as a percentage of turns spent in this place.
 D = Turns resting spent in this place as a percentage of non-inter-level travel turns spent in this place.
 E = Turns spent auto-exploring this place as a percentage of non-inter-level travel turns spent in this place.
 F = Non-inter-level travel turns spent in this place divided by the number of levels of this place that you've seen.
                   A       B       C       D       E      F
               +-------+-------+-------+-------+-------+----------------------
         Total | 100.0 | 100.0 |   8.4 |   0.0 |  77.8 | 897.0
       Dungeon | 100.0 | 100.0 |   8.4 |   0.0 |  77.8 | 897.0
               +-------+-------+-------+-------+-------+----------------------

Table legend:
 A = Kills in this place as a percentage of kills in entire the game.
 B = Kills by you in this place as a percentage of kills by you in the entire game.
 C = Kills by friends in this place as a percentage of kills by friends in the entire game.
 D = Other kills in this place as a percentage of other kills in the entire game.
 E = Experience gained in this place as a percentage of experience gained in the entire game.
 F = Experience gained in this place divided by the number of levels of this place that you have seen.
                   A       B       C       D       E      F
               +-------+-------+-------+-------+-------+----------------------
         Total | 100.0 | 100.0 |   N/A | 100.0 | 100.0 | 117.3
       Dungeon | 100.0 | 100.0 |   N/A | 100.0 | 100.0 | 117.3
               +-------+-------+-------+-------+-------+----------------------
